 Dungeon Crawl Stone Soup version 0.28-a0-1152-g9c71ebef14 (webtiles) character file.

Game seed: 11331173722489471576

101 spaghetti the Covert (level 4, -3/31 HPs)
             Began as an Octopode Delver on Dec 14, 2021.
             Slain by a gnoll (6 damage)
             ... on level 5 of the Dungeon.
             The game lasted 00:01:21 (1100 turns).

spaghetti the Covert (Octopode Delver)              Turns: 1100, Time: 00:01:21

Health: -3/31      AC:  1    Str: 11    XL:     4   Next: 75%
Magic:  4/4        EV: 13    Int: 14    God:
Gold:   0          SH:  0    Dex: 13    Spells: 3/3 levels left

rFire   . . .      SeeInvis .   a - +0 hand axe {axe}
rCold   . . .      Faith    .   (no shield)
rNeg    . . .      Spirit   .   (helmet restricted)
rPois   .          Reflect  .   (no amulet)
rElec   .          Harm     .   (no ring)
rCorr   .          Rampage  .   (no ring)
Will    .....                   (no ring)
Stlth   ++........              (no ring)
HPRegen 0.10/turn               (no ring)
MPRegen 0.09/turn               (no ring)
                                (no ring)
                                (no ring)

@: lit by a corona, glowing
A: almost no armour, amphibious, 8 rings, camouflage 1, gelatinous body 1,
(nimble swimmer 1), tentacles
a: no special abilities


You were on level 5 of the Dungeon.
You visited 1 branch of the dungeon, and saw 1 of its levels.


Innate Abilities, Weirdness & Mutations

You cannot wear most types of armour.
You are amphibious.
You can wear up to eight rings at the same time.
Your skin changes colour to match your surroundings (Stealth+).
Your rubbery body absorbs attacks. (AC +1, EV +1)
((You are camouflaged near water. (Stealth+)))
You have tentacles for arms and can constrict up to eight enemies at once.


   Skills:
 - Level 3.0 Fighting
 - Level 2.0 Axes
 - Level 2.0 Dodging
 + Level 9.2 Stealth


You had 3 spell levels left.
You didn't know any spells.
Your spell library was empty.

Inventory:

Hand Weapons
 a - a +0 hand axe (weapon) {axe}
Missiles
 g - 25 arrows
 h - a sling bullet
 i - 10 stones (quivered) {throwing}
Wands
 f - a wand of digging (3)
Scrolls
 b - a scroll of fog
 c - a scroll of magic mapping {!r}
Potions
 e - a potion of haste {@q3}

Dungeon Overview and Level Annotations

Branches:
Dungeon (5/15)
 Temple: D:4-7

Altars:

Shops:
D:5

*( .#...#.########
.#...#......... g#
.#...#......... .# .
.#888#......... ..#..
.#####......... ..'
.###........... ...
.#.......#########'###..
.#.......#.......g......
.#.......#......@...(g.(
.#∩......#...............
.#.....<.#..............
.#.......#..............
##.......#..##+###.##.##
.....#'###..##.###.##.#
.....#.......#..#.....#
.....#.......#..#.....#
.....#.......#..#.....#


You could see a gnoll shaman (fleeing) and 2 gnolls.


Message History

The gnoll shouts!
You hear a shout!
A gnoll comes into view. It is wielding a +0 whip.
There are monsters nearby!
A gnoll shaman comes into view. It is wielding a +0 whip.
The gnoll shaman moves out of view.
You start waiting.
A gnoll is nearby!
The gnoll closely misses you.
You hit the gnoll. You grab the gnoll. You constrict the gnoll.
The gnoll barely misses you. The gnoll closely misses you.
You completely miss the gnoll. You constrict the gnoll.
The gnoll barely misses you.
You slash the gnoll!
You kill the gnoll!
No target in view!
No target in view!
No target in view!
No target in view!
No target in view!
No target in view!
No target in view!
No target in view!
No target in view!
No target in view!
No target in view!
No target in view!
No target in view!
No target in view!
No target in view!
No target in view!
No target in view!
No target in view!
You see here a +0 whip {mace}.
g - 25 arrows (gained 24)
Something unseen opens the door.
A gnoll shaman is nearby!
The gnoll shaman shouts!
You hear a shout! x2
The gnoll shaman calls down the wrath of its god upon you.
You resist with some effort.
You hit the gnoll shaman. Your grab misses the gnoll shaman.
Your squeeze misses the gnoll shaman.
The gnoll shaman invokes the aid of its god against you.
You are outlined in light.
The gnoll shaman closely misses you.
You hit the gnoll shaman but do no damage.
Your grab misses the gnoll shaman.
The gnoll shaman hits you with a +0 whip! 😮 HP[-10]
You take 10 damage, and now have 21/31 hp.
MASSIVE DAMAGE!! (PAUSE) Unknown command.
Unknown command.
You hit the gnoll shaman. Your grab misses the gnoll shaman.
The gnoll shaman barely misses you.
You hit the gnoll shaman. You grab the gnoll shaman.
You constrict the gnoll shaman, but do no damage.
The gnoll shaman hits you with a +0 whip!
* * * LOW HITPOINT WARNING * * *
😱 HP[-14]
You take 14 damage, and now have 7/31 hp.
MASSIVE DAMAGE!! (PAUSE) Unknown command.
Okay, then.
Okay, then.
Okay, then.
As you read the scroll of fear, it crumbles to dust.
You assume a fearsome visage.
The gnoll shaman looks frightened!
The gnoll looks frightened!
You constrict the gnoll shaman.
The gnoll shaman struggles to escape constriction.
You catch the helpless gnoll shaman completely off-guard!
You hit the gnoll shaman.
Your attack snaps the gnoll shaman out of its fear.
You constrict the gnoll shaman.
The gnoll shaman escapes! 😨 HP[+1] Throw: 12 stones {throwing}
Press: ? - help, Q - select action Shift-Dir - straight line, f - gnoll shaman
Aim: a gnoll shaman, wielding a +0 whip and wearing a +0 robe (almost dead, fleeing, 61% to hit)
You throw a stone {throwing}.
The stone {throwing} barely misses the gnoll shaman.
A gnoll opens the door.
A gnoll comes into view. It is wielding a +0 flail.
Throw: 11 stones {throwing}
Press: ? - help, Q - select action Shift-Dir - straight line, f/p - gnoll shaman
Aim: a gnoll shaman, wielding a +0 whip and wearing a +0 robe (almost dead, fleeing, 61% to hit)
You throw a stone {throwing}.
The stone {throwing} hits the gnoll shaman but does no damage.
The gnoll shaman calls upon its god to speed up the gnoll.
The gnoll seems to speed up.
Okay, then.
Okay, then.
You barely miss the gnoll. Your grab misses the gnoll. The gnoll misses you.
The gnoll hits you with a +0 flail.
* * * LOW HITPOINT WARNING * * *
😱 HP[-5]
You take 5 damage, and now have 3/31 hp.
Unknown command.
Unknown command.
You hit the gnoll but do no damage. You grab the gnoll.
You constrict the gnoll, but do no damage.
The gnoll hits you with a +0 flail.
You die...

Skill      XL: |  1  2  3  4 |
---------------+-------------+-----
Stealth        | 7 8 9 |  9.2
Fighting       | |  3.0
Axes           | |  2.0
Dodging        | |  2.0

Action                   |  1- 3 |  4- 6 || total
-------------------------+-------+-------++-------
Melee: Hand axe          |    18 |    11 ||    29
       Tentacles         |     8 |       ||     8
       Constrict         |     2 |     3 ||     5
Throw: Stone             |       |     2 ||     2
  Use: Scroll            |     2 |     1 ||     3
 Stab: Sleeping          |     1 |       ||     1
       Fleeing           |       |     1 ||     1
Armor: Skin              |     2 |       ||     2
Dodge: Dodged            |    22 |     7 ||    29

Levels and vault maps discovered:
D:5:      layout_gridville, minmay_temple_entry_nine_rooms, serial_shops, shop,
          nicolae_shop_firing_range

Notes
Turn   | Place    | Note
-------+----------+-------------------------------------------
     0 | D:5      | spaghetti the Octopode Delver began the quest for the Orb.
     0 | D:5      | Reached XP level 1. HP: 16/16 MP: 1/1
     0 | D:5      | magus.rc [v1.9.6]
     6 | D:5      | Found Kirhoc's Firing Range.
    41 | D:5      | Found Vynevela's Assorted Antiques.
    93 | D:5      | HP: 4/16 [centaur skeleton (1)]
    98 | D:5      | Reached skill level 7 in Stealth
    98 | D:5      | Reached XP level 2. HP: 3/21 MP: 2/2
    98 | D:5      | Reached XP level 3. HP: 4/26 MP: 3/3
   375 | D:5      | HP: 6/26 [scorpion zombie (8)]
   377 | D:5      | Reached skill level 8 in Stealth
   775 | D:5      | Reached XP level 4. HP: 9/31 MP: 4/4
   776 | D:5      | Reached skill level 9 in Stealth
   776 | D:5      | HP: 7/31 [poisoned by an adder]
  1094 | D:5      | HP: 7/31 [gnoll shaman (14)]
  1099 | D:5      | HP: 3/31 [gnoll (5)]
  1100 | D:5      | Slain by a gnoll

Vanquished Creatures
  2 centaur skeletons (D:5)
  A scorpion zombie (D:5)
  A gnoll (D:5)
  An adder (D:5)
5 creatures vanquished.

Table legend:
 A = Non-vault XP
 B = Vault XP
 C = Vault XP percentage of total XP
 D = Non-vault monster count
 E = Vault monster count
 F = Vault count percentage of total count
                 A         B        C        D         E       F
            +---------+---------+-------+---------+---------+-------
      Total |     145 |       0 |   0.0 |       5 |       0 |   0.0
            +---------+---------+-------+---------+---------+-------
        D:5 |     145 |       0 |   0.0 |       5 |       0 |   0.0
            +---------+---------+-------+---------+---------+-------

Illustrated notes

Table legend:
 A = Kills in this place as a percentage of kills in entire the game.
 B = Kills by you in this place as a percentage of kills by you in the entire game.
 C = Kills by friends in this place as a percentage of kills by friends in the entire game.
 D = Other kills in this place as a percentage of other kills in the entire game.
 E = Experience gained in this place as a percentage of experience gained in the entire game.
 F = Experience gained in this place divided by the number of levels of this place that you have seen.
                   A       B       C       D       E      F
               +-------+-------+-------+-------+-------+----------------------
         Total | 100.0 | 100.0 |   N/A |   N/A | 100.0 | 145.0
       Dungeon | 100.0 | 100.0 |   N/A |   N/A | 100.0 | 145.0
               +-------+-------+-------+-------+-------+----------------------

Table legend: (Time is in decaauts)
 A = Elapsed time spent in this place.
 B = Non-inter-level travel time spent in this place.
 C = Inter-level travel time spent in this place.
 D = Time resting spent in this place.
 E = Time spent auto-exploring this place.
 F = Levels seen in this place.
 G = Mean time per level.
                   A        B        C        D        E       F      G
               +--------+--------+--------+--------+--------+-----+--------+
         Total |   1105 |   1105 |      0 |    880 |    151 |   1 | 1105.0 |
       Dungeon |   1105 |   1105 |      0 |    880 |    151 |   1 | 1105.0 |
               +--------+--------+--------+--------+--------+-----+--------+

Top non-repeatable levels by time:
     D:5: 1105 daAuts
